| TOP OF THE 1ST |
|
Staten Island Yankees batting - Pitching for Hudson Valley Renegades : RHP Cameron Bianchi
|
|
Pitching: RHP Cameron Bianchi
|
|
|
Batting: RHB Norimoto Miyanishi
|
0-0: Called Strike 0-1: Swinging Strike 0-2: Strikes out swinging
|
|
Batting: RHB Brad Wren
|
0-0: Ball 1-0: Foul Ball, location: 2F 1-1: Swinging Strike 1-2: Strikes out swinging
|
|
Batting: RHB Pat Pemberton
|
0-0: Ball 1-0: Ball 2-0: Called Strike 2-1: DOUBLE (Flyball, 8LXD, EV 108.8 MPH)
|
|
Batting: SHB Tadaaki Kondo
|
0-0: Called Strike 0-1: Swinging Strike Balk! Pat Pemberton to third 0-2: Ball 1-2: Ball 2-2: Strikes out swinging
|
| Top of the 1st over - 0 runs, 1 hit, 0 errors, 1 left on base; Staten Island 0 - Hudson Valley 0 |
| BOTTOM OF THE 1ST |
|
Hudson Valley Renegades batting - Pitching for Staten Island Yankees : LHP Dustin Shaw
|
|
Pitching: LHP Dustin Shaw
|
|
|
Batting: LHB Jonathan Spino
|
0-0: Called Strike 0-1: Ground out 4-3 (Groundball, 4S, EV 91.9 MPH)
|
|
Batting: SHB Josif Popovski
|
0-0: Ball 1-0: Bunt missed! 1-1: Ball 2-1: Foul Ball, location: 2F 2-2: Foul Ball, location: 2F 2-2: Foul Ball, location: 2F 2-2: Ground out 3-1 (Groundball, 34S, EV 85.0 MPH)
|
|
Batting: RHB Jon Gonzales
|
0-0: Ground out 4-3 (Groundball, 4, EV 91.9 MPH)
|
| Bottom of the 1st over - 0 runs, 0 hits, 0 errors, 0 left on base; Staten Island 0 - Hudson Valley 0 |
| TOP OF THE 2ND |
|
Staten Island Yankees batting - Pitching for Hudson Valley Renegades : RHP Cameron Bianchi
|
|
Batting: LHB Mike Schermerhorn
|
0-0: Swinging Strike 0-1: Swinging Strike 0-2: DOUBLE (Line Drive, 89D, EV 115.0 MPH)
|
|
Batting: SHB Adam Slade
|
0-0: Called Strike 0-1: Ball 1-1: Ground out 4-3 (Groundball, 4S, EV 82.5 MPH) Mike Schermerhorn to third
|
|
Batting: RHB Jesus Ruiz
|
0-0: Ball 1-0: Ball 2-0: Called Strike 2-1: SINGLE (Groundball, 56D, EV 96.2 MPH) Mike Schermerhorn scores
|
|
Batting: RHB Danny Ayala
|
0-0: Called Strike 0-1: Called Strike 0-2: Ball 1-2: Strikes out looking
|
|
Batting: LHB Danny de Leon
|
0-0: Ball 1-0: Swinging Strike 1-1: Foul Ball, location: 2F 1-2: Strikes out swinging
|
| Top of the 2nd over - 1 run, 2 hits, 0 errors, 1 left on base; Staten Island 1 - Hudson Valley 0 |
| BOTTOM OF THE 2ND |
|
Hudson Valley Renegades batting - Pitching for Staten Island Yankees : LHP Dustin Shaw
|
|
Batting: RHB Joe Hartigan
|
0-0: Called Strike 0-1: Ball 1-1: Ball 2-1: Foul Ball, location: 2F 2-2: Strikes out swinging
|
|
Batting: RHB Evan Chalarian
|
0-0: Ball 1-0: Ball 2-0: Called Strike 2-1: Ball 3-1: Ground out 6-3 (Groundball, 6, EV 103.1 MPH)
|
|
Batting: RHB Mark Richert
|
0-0: Foul Ball, location: 2F 0-1: Ball 1-1: Called Strike 1-2: Foul Ball, location: 2F 1-2: Ground out 6-3 (Groundball, 6, EV 98.1 MPH)
|
| Bottom of the 2nd over - 0 runs, 0 hits, 0 errors, 0 left on base; Staten Island 1 - Hudson Valley 0 |
| TOP OF THE 3RD |
|
Staten Island Yankees batting - Pitching for Hudson Valley Renegades : RHP Cameron Bianchi
|
|
Batting: RHB Norimoto Miyanishi
|
0-0: Foul Ball, location: 2F 0-1: SINGLE (Flyball, 78S, EV 94.4 MPH)
|
|
Batting: RHB Brad Wren
|
0-0: Called Strike 0-1: Ball 1-1: Called Strike Norimoto Miyanishi steals 2nd base 1-2: Ball 2-2: Strikes out swinging
|
|
Batting: RHB Pat Pemberton
|
0-0: Called Strike 0-1: Ball 1-1: Ball 2-1: Ball 3-1: Swinging Strike 3-2: Strikes out swinging
|
|
Batting: SHB Tadaaki Kondo
|
0-0: Called Strike 0-1: Foul Ball, location: 2F 0-2: Ground out 4-3 (Groundball, 34, EV 86.9 MPH)
|
| Top of the 3rd over - 0 runs, 1 hit, 0 errors, 1 left on base; Staten Island 1 - Hudson Valley 0 |
| BOTTOM OF THE 3RD |
|
Hudson Valley Renegades batting - Pitching for Staten Island Yankees : LHP Dustin Shaw
|
|
Batting: LHB Dan Hunt
|
0-0: Ball 1-0: Ball 2-0: Foul Ball, location: 2F 2-1: Swinging Strike 2-2: Ball 3-2: Base on Balls
|
|
Batting: LHB Alex Genao
|
0-0: Called Strike Dan Hunt steals 2nd base (no throw) 0-1: Ball 1-1: Swinging Strike 1-2: Foul Ball, location: 2F 1-2: Foul Ball, location: 2F 1-2: Strikes out looking
|
|
Batting: RHB Jesus Carrillo
|
0-0: Ground out 5-3 (Groundball, 56S, EV 81.9 MPH)
|
|
Batting: LHB Jonathan Spino
|
0-0: Called Strike 0-1: Ball 1-1: Called Strike 1-2: Ball 2-2: DOUBLE (Flyball, 8RXD, EV 95.6 MPH) Dan Hunt scores
|
|
Batting: SHB Josif Popovski
|
0-0: Ball 1-0: Fly out, F9 (Flyball, 9D, EV 100.0 MPH)
|
| Bottom of the 3rd over - 1 run, 1 hit, 0 errors, 1 left on base; Staten Island 1 - Hudson Valley 1 |
| TOP OF THE 4TH |
|
Staten Island Yankees batting - Pitching for Hudson Valley Renegades : RHP Cameron Bianchi
|
|
Batting: LHB Mike Schermerhorn
|
0-0: Ground out 3-1 (Groundball, 13, EV 81.9 MPH)
|
|
Batting: SHB Adam Slade
|
0-0: Swinging Strike 0-1: Foul Ball, location: 2F 0-2: Ball 1-2: Strikes out swinging
|
|
Batting: RHB Jesus Ruiz
|
0-0: Foul Ball, location: 2F 0-1: Ground out 5-3 (Groundball, 56S, EV 82.5 MPH)
|
| Top of the 4th over - 0 runs, 0 hits, 0 errors, 0 left on base; Staten Island 1 - Hudson Valley 1 |
| BOTTOM OF THE 4TH |
|
Hudson Valley Renegades batting - Pitching for Staten Island Yankees : LHP Dustin Shaw
|
|
Batting: RHB Jon Gonzales
|
0-0: Ball 1-0: DOUBLE (Flyball, 8RXD, EV 82.5 MPH)
|
|
Batting: RHB Joe Hartigan
|
0-0: Foul Ball, location: 2F 0-1: Ball 1-1: Ball 2-1: Swinging Strike 2-2: Foul Ball, location: 2F 2-2: Ball 3-2: Ground out 6-3 (Groundball, P, EV 83.1 MPH) Jon Gonzales to third
|
|
Batting: RHB Evan Chalarian
|
0-0: Ball 1-0: Foul Ball, location: 2F 1-1: Ball 2-1: Foul Ball, location: 2F 2-2: Foul Ball, location: 2F 2-2: Strikes out swinging
|
|
Batting: RHB Mark Richert
|
0-0: Called Strike 0-1: Ball 1-1: Ball 2-1: Swinging Strike 2-2: Strikes out swinging
|
| Bottom of the 4th over - 0 runs, 1 hit, 0 errors, 1 left on base; Staten Island 1 - Hudson Valley 1 |
| TOP OF THE 5TH |
|
Staten Island Yankees batting - Pitching for Hudson Valley Renegades : RHP Cameron Bianchi
|
|
Batting: RHB Danny Ayala
|
0-0: Ground out 4-3 (Groundball, 4, EV 100.6 MPH)
|
|
Batting: LHB Danny de Leon
|
0-0: Foul Ball, location: 2F 0-1: Called Strike 0-2: Ball 1-2: Foul Ball, location: 2F 1-2: Ball 2-2: Fly out, F5 (Popup, 56S, EV 80.0 MPH)
|
|
Batting: RHB Norimoto Miyanishi
|
0-0: Ground out U3 (Groundball, 3, EV 85.6 MPH)
|
| Top of the 5th over - 0 runs, 0 hits, 0 errors, 0 left on base; Staten Island 1 - Hudson Valley 1 |
| BOTTOM OF THE 5TH |
|
Hudson Valley Renegades batting - Pitching for Staten Island Yankees : LHP Dustin Shaw
|
|
Batting: LHB Dan Hunt
|
0-0: Ball 1-0: Ball 2-0: Called Strike 2-1: Foul Ball, location: 2F 2-2: Foul Ball, location: 2F 2-2: Ball 3-2: Base on Balls
|
|
Batting: LHB Alex Genao
|
0-0: Called Strike Dan Hunt steals 2nd base 0-1: Fly out, F9 (Flyball, 9, EV 80.6 MPH)
|
|
Batting: RHB Jesus Carrillo
|
0-0: Called Strike 0-1: Ball 1-1: Swinging Strike 1-2: Foul Ball, location: 2F 1-2: Ball 2-2: Foul Ball, location: 2F 2-2: SINGLE (Flyball, 56D, EV 95.0 MPH) Dan Hunt to third Runner from 3rd tries for Home, SAFE, throw by LF to home
|
|
Pitching: RHP Gary Salazar
|
|
|
Batting: LHB Jonathan Spino
|
0-0: Called Strike 0-1: Ball 1-1: Ball 2-1: Foul Ball, location: 2F 2-2: Ball 3-2: Strikes out looking
|
|
Batting: SHB Josif Popovski
|
0-0: Ball 1-0: Ball 2-0: Ball 3-0: Base on Balls Jesus Carrillo to second
|
|
Batting: RHB Jon Gonzales
|
0-0: Ball 1-0: Ground out 1-3 (Groundball, 34S, EV 77.5 MPH)
|
| Bottom of the 5th over - 1 run, 1 hit, 0 errors, 2 left on base; Staten Island 1 - Hudson Valley 2 |
| TOP OF THE 6TH |
|
Staten Island Yankees batting - Pitching for Hudson Valley Renegades : RHP Cameron Bianchi
|
|
Batting: RHB Brad Wren
|
0-0: Ball 1-0: Ball 2-0: Ball 3-0: Called Strike 3-1: Foul Ball, location: 2F 3-2: Strikes out swinging
|
|
Batting: RHB Pat Pemberton
|
0-0: Ball 1-0: Called Strike 1-1: Ball 2-1: Foul Ball, location: 2F 2-2: Ball 3-2: Strikes out swinging
|
|
Batting: SHB Tadaaki Kondo
|
0-0: Called Strike 0-1: Ground out 4-3 (Groundball, 34D, EV 100.6 MPH)
|
| Top of the 6th over - 0 runs, 0 hits, 0 errors, 0 left on base; Staten Island 1 - Hudson Valley 2 |
| BOTTOM OF THE 6TH |
|
Hudson Valley Renegades batting - Pitching for Staten Island Yankees : RHP Gary Salazar
|
|
Batting: RHB Joe Hartigan
|
0-0: Ball 1-0: Ground out 6-3 (Groundball, 6S, EV 87.5 MPH)
|
|
Batting: RHB Evan Chalarian
|
0-0: Called Strike 0-1: Ball 1-1: Swinging Strike 1-2: Ground out 3-1 (Groundball, 34S, EV 77.5 MPH)
|
|
Batting: RHB Mark Richert
|
0-0: Ball 1-0: Ball 2-0: Ball 3-0: Called Strike 3-1: Base on Balls
|
|
Pitching: RHP Nate LaCava
|
|
|
Batting: LHB Dan Hunt
|
0-0: Called Strike 0-1: SINGLE (Groundball, 4MS, EV 73.1 MPH) (infield hit) Mark Richert to second
|
|
Pinch Runner at 2nd Chris Lockart:
|
|
|
Batting: LHB Alex Genao
|
0-0: Called Strike 0-1: Ball 1-1: Swinging Strike 1-2: Strikes out swinging
|
| Bottom of the 6th over - 0 runs, 1 hit, 0 errors, 2 left on base; Staten Island 1 - Hudson Valley 2 |
| TOP OF THE 7TH |
|
Staten Island Yankees batting - Pitching for Hudson Valley Renegades : RHP Cameron Bianchi
|
|
Now at 1B: Alex Koral
|
|
|
Batting: LHB Mike Schermerhorn
|
0-0: Ball 1-0: SINGLE (Groundball, 34D, EV 97.5 MPH)
|
|
Batting: SHB Adam Slade
|
0-0: Ball 1-0: Called Strike 1-1: Fly out, F3 (Popup, 3, EV 70.0 MPH)
|
|
Batting: RHB Jesus Ruiz
|
0-0: Swinging Strike 0-1: Called Strike 0-2: Foul Ball, location: 2F 0-2: Ball 1-2: Ball 2-2: Ball 3-2: Ground out 4-3 (Groundball, 4S, EV 63.8 MPH) Mike Schermerhorn to second
|
|
Batting: RHB Danny Ayala
|
0-0: Called Strike 0-1: Called Strike 0-2: Ground out U3 (Groundball, 3, EV 101.9 MPH)
|
| Top of the 7th over - 0 runs, 1 hit, 0 errors, 1 left on base; Staten Island 1 - Hudson Valley 2 |
| BOTTOM OF THE 7TH |
|
Hudson Valley Renegades batting - Pitching for Staten Island Yankees : RHP Nate LaCava
|
|
Batting: RHB Jesus Carrillo
|
0-0: Swinging Strike 0-1: Ball 1-1: Ball 2-1: Ball 3-1: Base on Balls
|
|
Batting: LHB Jonathan Spino
|
0-0: Ball 1-0: Bunt missed! 1-1: Bunt missed! 1-2: Ball 2-2: Ball 3-2: Base on Balls Jesus Carrillo to second
|
|
Pinch Runner at 2nd Joshua Jackson:
|
|
|
Batting: SHB Josif Popovski
|
0-0: Ball 1-0: Bunt missed! 1-1: Sac Bunt to 3S - play at first, batter OUT! 3-1 Joshua Jackson to third Jonathan Spino to second
|
|
Pitching: RHP Andrew Ray
|
|
|
Batting: RHB Jon Gonzales
|
0-0: Swinging Strike 0-1: Called Strike 0-2: Ball 1-2: Ball 2-2: Strikes out swinging
|
|
Batting: RHB Joe Hartigan
|
0-0: Ball 1-0: Ball 2-0: Fly out, F9 (Flyball, 89M, EV 80.0 MPH)
|
| Bottom of the 7th over - 0 runs, 0 hits, 0 errors, 2 left on base; Staten Island 1 - Hudson Valley 2 |
| TOP OF THE 8TH |
|
Staten Island Yankees batting - Pitching for Hudson Valley Renegades : RHP Cameron Bianchi
|
|
Now at 2B: Joshua Jackson
|
|
|
Batting: LHB Danny de Leon
|
0-0: Called Strike 0-1: Called Strike 0-2: Fly out, F8 (Flyball, 8RD, EV 100.0 MPH)
|
|
Batting: RHB Norimoto Miyanishi
|
0-0: Fly out, F4 (Line Drive, 4, EV 57.5 MPH)
|
|
Batting: RHB Brad Wren
|
0-0: Ball 1-0: Called Strike 1-1: Called Strike 1-2: Foul Ball, location: 2F 1-2: Strikes out looking
|
| Top of the 8th over - 0 runs, 0 hits, 0 errors, 0 left on base; Staten Island 1 - Hudson Valley 2 |
| BOTTOM OF THE 8TH |
|
Hudson Valley Renegades batting - Pitching for Staten Island Yankees : RHP Andrew Ray
|
|
Batting: RHB Evan Chalarian
|
0-0: Called Strike 0-1: Called Strike 0-2: Ball 1-2: Strikes out looking
|
|
Batting: RHB Alex Koral
|
0-0: Fly out, F7 (Flyball, 7LM, EV 96.2 MPH)
|
|
Batting: LHB Dan Hunt
|
0-0: Ball 1-0: Ball 2-0: SINGLE (Groundball, 23, EV 66.2 MPH) (infield hit)
|
|
Batting: LHB Alex Genao
|
Pickoff Play to 1st, Runner tries for 2nd, OUT after rundown.
|
| Bottom of the 8th over - 0 runs, 1 hit, 0 errors, 0 left on base; Staten Island 1 - Hudson Valley 2 |
| TOP OF THE 9TH |
|
Staten Island Yankees batting - Pitching for Hudson Valley Renegades : RHP Cameron Bianchi
|
|
Pitching: LHP Matt Bayer
|
|
|
Batting: RHB Pat Pemberton
|
0-0: Swinging Strike 0-1: Ball 1-1: Ball 2-1: Foul Ball, location: 2F 2-2: Ball 3-2: Ground out 4-3 (Groundball, 34, EV 86.9 MPH)
|
|
Batting: SHB Tadaaki Kondo
|
0-0: Called Strike 0-1: Ball 1-1: Ball 2-1: SINGLE (Groundball, 4MD, EV 96.9 MPH)
|
|
Pinch Hitting: RHB Jon Pierce
|
0-0: Grounds into double play, 6-4-3 (Groundball, 6, EV 104.4 MPH)
|
| Top of the 9th over - 0 runs, 1 hit, 0 errors, 0 left on base; Staten Island 1 - Hudson Valley 2 |
|